 Dungeon Crawl Stone Soup version 0.31-a0-1009-g454b1f1e0a (webtiles) character file.

Game seed: 16529588638464997433

103 Nedwor the Cutter (level 4, -2/34 HPs)
             Began as a Demonspawn Gladiator on Nov 14, 2023.
             Slain by Natasha (7 damage)
             ... on level 2 of the Dungeon.
             The game lasted 00:02:58 (1825 turns).

Nedwor the Cutter (Demonspawn Gladiator)            Turns: 1825, Time: 00:02:58

Health: -2/34      AC:  4    Str: 15    XL:     4   Next: 51%
Magic:  4/4        EV: 13    Int:  9    God:
Gold:   96         SH:  4    Dex: 16    Spells: 3/3 levels left

rFire   . . .        a - +0 rapier
rCold   . . .        (no shield)
rNeg    . . .        b - +0 leather armour
rPois   .            c - +0 helmet
rElec   .            (no cloak)
rCorr   .            (no gloves)
SInv    .            (no boots)
Will    .....        (no amulet)
Stlth   +            i - ring of flight
HPRegen 0.25/turn    (no ring)
MPRegen 0.09/turn

%: no passive effects
@: flying, slowed, very slow
A: condensation shield
a: no special abilities


You were on level 2 of the Dungeon.
You visited 1 branch of the dungeon, and saw 2 of its levels.

You collected 96 gold pieces.

Inventory:

Hand Weapons
 a - a +0 rapier (weapon)
Missiles
 d - 3 throwing nets (quivered)
 e - a javelin
Armour
 b - a +0 leather armour (worn)
 c - a +0 helmet (worn)
 h - a +1 cloak
Jewellery
 i - a ring of flight (left hand)
Scrolls
 k - 2 scrolls of identify
Potions
 f - a potion of lignification
 g - a potion of brilliance {unknown}
 j - a potion of attraction {unknown}


   Skills:
 + Level 2.9 Fighting
 * Level 3.9 Short Blades
 - Level 1.7 Throwing
 + Level 3.3 Dodging


You had 3 spell levels left.
You didn't know any spells.
Your spell library contained the following spells:

 Spells                   Type           Power      Damage    Failure   Level
 Cigotuvi's Dreadful Rot  Necr/Pois/Air  0%         N/A       58%         2
 Ignite Poison            Fire/Tmut/Pois 0%         N/A       83%         3
 Freezing Cloud           Conj/Ice/Air   0%         6-21      100%        5


Dungeon Overview and Level Annotations

Branches:
Dungeon (2/15)

Altars:

Annotations:
D:2 Natasha


Innate Abilities, Weirdness & Mutations

A meltable shield of frost defends you. (SH +4)


Message History

Natasha is severely wounded.
The cerulean imp closely misses you. Natasha claws you.
The cerulean imp barely misses you. Natasha claws you but does no damage.
You are too injured to fight recklessly!
You are too injured to fight recklessly!
You are too injured to fight recklessly!
You are too injured to fight recklessly!
You are too injured to fight recklessly!
You are too injured to fight recklessly!
You are too injured to fight recklessly!
You are too injured to fight recklessly!
You are too injured to fight recklessly!
You barely miss Natasha.
Natasha is severely wounded.
The cerulean imp hits you from afar with a +0 spear.
Natasha casts a spell at you.
You feel as though you will be slow longer.
You barely miss Natasha.
Natasha is severely wounded.
The cerulean imp hits you from afar with a +0 spear.
Natasha casts a spell.
The cerulean imp closely misses you. Natasha claws you but does no damage.
You hit Natasha.
Natasha is severely wounded.
The cerulean imp hits you but does no damage.
You block Natasha's attack.
The cerulean imp hits you with a +0 spear.
* * * LOW HITPOINT WARNING * * *
You barely miss Natasha.
Natasha is severely wounded.
The cerulean imp hits you from afar with a +0 spear.
* * * LOW HITPOINT WARNING * * *
Natasha casts a spell.
The cerulean imp closely misses you. The cerulean imp misses you.
Natasha misses you. The cerulean imp closely misses you.
You barely miss Natasha.
Natasha is severely wounded.
The cerulean imp closely misses you. Natasha claws you!
You die...
Natasha begins licking her fur clean.

#.......#
#..####.#########...##.
######### #..#
#.............###.
#..###.#.########..# #.
#..##....########..# #.
#.....#............# #.
##.##.5............# #.
#.###5####..#####.# #. ######
#.# #h# #..# #.# #. .....# #.#
#@# #..# #.# #. ####.# #.# #5#
#..# #.# #. #.#
#.###.####..#####.# ## #.#
#.................# #
####.################.########
# .............# #.#
####.#######.########.#
#..................#
#.#######.##########


You could see Natasha and 3 cerulean imps.

Vanquished Creatures
  Natasha (twice) (D:2)
  A worm (D:2)
  2 dart slugs (D:1)
  6 endoplasms
  A giant cockroach (D:2)
  11 goblins
  4 hobgoblins
  A quokka (D:1)
  2 ball pythons (D:1)
  4 bats (D:1)
  3 frilled lizards
  3 kobolds (D:1)
  3 rats
43 creatures vanquished.

Notes
Turn   | Place    | Note
-------+----------+-------------------------------------------
     0 | D:1      | Nedwor the Demonspawn Gladiator began the quest for the
                  | Orb.
     0 | D:1      | Reached XP level 1. HP: 16/16 MP: 1/1
   203 | D:1      | Gained mutation: A meltable shield of frost defends you.
                  | (SH +4) [demonic ancestry]
   203 | D:1      | Reached XP level 2. HP: 12/22 MP: 2/2
   545 | D:1      | Reached XP level 3. HP: 15/28 MP: 3/3
  1227 | D:2      | Identified the +7 short sword "Rehagh" {pain, rF+ rCorr}
  1286 | D:2      | Noticed Natasha
  1296 | D:2      | Killed Natasha
  1297 | D:2      | Reached XP level 4. HP: 21/34 MP: 4/4
  1536 | D:2      | Noticed Natasha
  1549 | D:2      | Killed Natasha
  1811 | D:2      | Noticed Natasha
  1825 | D:2      | Slain by Natasha

Illustrated notes

Levels and vault maps discovered:
D:1:      dpeg_cavernosity, layout_rooms
D:2:      layout_loops_ring, uniq_natasha

Skill      XL: |  1  2 |
---------------+-------+-----
Short Blades   | 3 |  3.9
Dodging        | 3 |  3.3
Fighting       | |  2.9
Throwing       | |  1.7

Action                     |  1- 3 |  4- 6 || total
---------------------------+-------+-------++-------
  Melee: Rapier            |   143 |    23 ||   166
         Punch             |     1 |       ||     1
    Use: Scroll            |     2 |       ||     2
 Armour: Leather armour    |    82 |    25 ||   107
  Dodge: Dodged            |   111 |    17 ||   128
  Block: Other             |    33 |     3 ||    36

Table legend: (Time is in decaauts)
 A = Elapsed time spent in this place.
 B = Non-inter-level travel time spent in this place.
 C = Inter-level travel time spent in this place.
 D = Time resting spent in this place.
 E = Time spent auto-exploring this place.
 F = Levels seen in this place.
 G = Mean time per level.
                   A        B        C        D        E       F      G
               +--------+--------+--------+--------+--------+-----+--------+
         Total |   1836 |   1786 |     50 |    261 |   1188 |   2 |  918.0 |
       Dungeon |   1836 |   1786 |     50 |    261 |   1188 |   2 |  918.0 |
               +--------+--------+--------+--------+--------+-----+--------+

Top non-repeatable levels by time:
     D:2: 928 daAuts
     D:1: 908 daAuts
